 Dungeon Crawl Stone Soup version 0.31-a0-102-g33a4ccc0cb (webtiles) character file.

Game seed: 13608522783239944502

158 voltaire321 the Chiller (level 5, -2/38 HPs)
             Began as a Merfolk Ice Elementalist on May 26, 2023.
             Slain by an orc wizard
             ... wielding a +0 dagger
              (4 damage)
             ... on level 3 of the Dungeon.
             The game lasted 00:06:29 (2259 turns).

voltaire321 the Chiller (Merfolk Ice Elementalist)  Turns: 2259, Time: 00:06:30

Health: -2/38      AC:  2    Str: 11    XL:     5   Next: 39%
Magic:  5/9        EV: 13    Int: 14    God:
Gold:   165        SH:  0    Dex: 14    Spells: 2/9 levels left

rFire   . . .        j - +2 mace (venom)
rCold   . . .        (no shield)
rNeg    . . .        a - +0 robe
rPois   .            (no helmet)
rElec   .            (no cloak)
rCorr   .            (no gloves)
SInv    .            (no boots)
Will    .....        (no amulet)
Stlth   +            (no ring)
HPRegen 0.26/turn    (no ring)
MPRegen 0.11/turn

%: no passive effects
@: confused, brilliant
A: (nimble swimmer 2), mertail
a: no special abilities


You were on level 3 of the Dungeon.
You visited 1 branch of the dungeon, and saw 3 of its levels.

You collected 165 gold pieces.

Inventory:

Hand Weapons
 c - a +0 short sword
 j - a +2 mace of venom (weapon)
Missiles
 e - 3 datura-tipped darts
 f - 10 poisoned darts
Armour
 a - a +0 robe (worn)
 q - a +0 kite shield
Jewellery
 o - a +4 ring of protection
Scrolls
 d - 2 scrolls of noise {unknown}
 g - a scroll of brand weapon {unknown}
 h - 2 scrolls of identify {unknown}
 i - 3 scrolls of enchant weapon {unknown}
 k - a scroll of teleportation {unknown}
 m - a scroll of fog {unknown}
 n - a scroll of poison {unknown}
 p - a scroll of enchant armour {unknown}
Potions
 b - a potion of magic
 l - a potion of brilliance


   Skills:
 + Level 2.1 Fighting
 + Level 1.2 Armour
 + Level 3.9 Dodging
 - Level 2.1 Stealth
 * Level 0.8 Shields
 + Level 2.7 Spellcasting
 + Level 5.0 Ice Magic


You had 2 spell levels left.
You knew the following spells:

 Your Spells              Type           Power      Damage    Failure   Level
a - Freeze                Ice            96%        1d10      2%          1
b - Frozen Ramparts       Ice            48%        1d8       9%          3
c - Ozocubu's Armour      Ice            24%        N/A       9%          3

Your spell library contained the following spells:

 Spells                   Type           Power      Damage    Failure   Level
 Apportation              Tloc           4%         N/A       22%         1
 Beastly Appendage        Tmut           4%         N/A       22%         1
 Necrotise                Necr           8%         1d4       22%         1
 Summon Small Mammal      Summ           8%         N/A       22%         1
 Wereblood                Tmut           2%         N/A       32%         2
 Spider Form              Tmut/Pois      1%         N/A       58%         3
 Summon Ice Beast         Ice/Summ       12%        N/A       65%         4
 Borgnjor's Revivificati  Necr           1%         N/A       100%        8
 Necromutation            Tmut/Necr      0%         N/A       100%        8
 Death's Door             Necr           1%         N/A       100%        9


Dungeon Overview and Level Annotations

Branches:
Dungeon (3/15)

Altars:
Xom


Innate Abilities, Weirdness & Mutations

((You are very nimble when in or above water. (Stealth+, EV+, Speed+++)))
Your lower body shifts to a powerful aquatic tail in water.


Message History

Unknown command.
Unknown command.
The wall freezes the orc but does no damage.
The orc hits you with a +0 club.
The wall freezes the orc wizard.
The orc wizard hits you but does no damage.
The wall freezes the orc wizard.
The orc wizard barely misses you.
The frozen ramparts melt away.
The orc wizard hits you with a +0 dagger.
You barely miss the orc wizard.
The orc wizard is almost dead.
You hear some strange, mumbled words.
You are more confused.
The orc wizard hits you with a +0 dagger.
* * * LOW HITPOINT WARNING * * *
The orc wizard hits you with a +0 dagger.
* * * LOW HITPOINT WARNING * * *
You hear some strange, mumbled words.
Something tries to affect you, but you resist.
You're too confused to cast spells.
You miss the orc wizard.
The orc wizard is almost dead.
You kill the orc wizard!
Something hits you.
* * * LOW HITPOINT WARNING * * *
You miss something. You barely miss the orc. Something hits you.
* * * LOW HITPOINT WARNING * * *
The orc misses you. The orc closely misses you. Something hits you.
* * * LOW HITPOINT WARNING * * *
You miss the orc. Something hits you but does no damage.
The orc hits you but does no damage.
You closely miss the orc. Something barely misses you.
The orc closely misses you. The orc barely misses you. Something hits you.
* * * LOW HITPOINT WARNING * * *
It was a potion of brilliance.
You feel clever all of a sudden. The orc hits you with a +0 club.
* * * LOW HITPOINT WARNING * * *
Something hits you.
You die...

...........# .
.....#.....######### ...
#....##......##....# ....
..<..##......##....#.....
.....##....#..#....#.....
......#....#.............
.#..# ###...........)....
.# ...#........#..... .#
#.....>.{@..# ... .....
#........o#########
.................h......
...... #.........o......
.....# #.####...........
.....# #.###.......
.....# #. ....... . ..
....... ### .......


You could see an orc.

Vanquished Creatures
  Natasha (D:3)
  An orc wizard (D:3)
  4 adders
  3 dart slugs
  2 orcs (D:3)
  9 bats
  7 endoplasms
  A giant cockroach (D:2)
  11 goblins
  6 hobgoblins
  2 jackals (D:2)
  9 kobolds
  3 ball pythons
  2 frilled lizards
  A rat (D:1)
62 creatures vanquished.

Notes
Turn   | Place    | Note
-------+----------+-------------------------------------------
     0 | D:1      | voltaire321 the Merfolk Ice Elementalist began the quest
                  | for the Orb.
     0 | D:1      | Reached XP level 1. HP: 13/13 MP: 3/3
   100 | D:1      | Reached XP level 2. HP: 20/20 MP: 3/5
   152 | D:1      | Found Mewitidd's Weapon Shoppe.
   312 | D:1      | Reached skill level 1 in Fighting
   325 | D:1      | Reached XP level 3. HP: 12/26 MP: 0/6
   396 | D:1      | Learned a level 3 spell: Frozen Ramparts
   909 | D:2      | Found a shimmering altar of Xom.
  1226 | D:2      | Reached XP level 4. HP: 27/32 MP: 4/7
  1516 | D:2      | Reached skill level 1 in Armour
  1819 | D:2      | Learned a level 3 spell: Ozocubu's Armour
  2241 | D:3      | Noticed Natasha
  2249 | D:3      | Killed Natasha
  2250 | D:3      | Reached skill level 5 in Ice Magic
  2250 | D:3      | Reached XP level 5. HP: 17/38 MP: 4/9
  2259 | D:3      | Slain by an orc wizard

Illustrated notes

Levels and vault maps discovered:
D:1:      scummos_arrival_checkerplants, layout_rooms, serial_shops, shop,
          serial_forest, infiniplex_forest_clump_small, infiniplex_forest_end_2,
          infiniplex_forest_clump_double, infiniplex_forest_diagonal,
          serial_bayou_ford_a, minmay_nonomino_d4
D:2:      layout_basic, basic_altar, kennysheep_cluttered_room,
          nicolae_hexahallways, minmay_misc_feat_five, st_stairs_5
D:3:      layout_rooms, uniq_natasha

Skill      XL: |  1  2  3  4 |
---------------+-------------+-----
Dodging        | 3 |  3.9
Fighting       | 1 2 |  2.1
Armour         | 1 |  1.2
Ice Magic      | 5 |  5.0
Stealth        | |  2.1
Shields        | |  0.8
Spellcasting   | |  2.7

Action                     |  1- 3 |  4- 6 || total
---------------------------+-------+-------++-------
  Melee: Short sword       |    77 |       ||    77
         Punch             |     5 |       ||     5
         Mace              |       |    57 ||    57
   Cast: Freeze            |    32 |     2 ||    34
         Frozen Ramparts   |       |     1 ||     1
    Use: Potion            |       |     1 ||     1
   Stab: Sleeping          |     3 |     3 ||     6
 Armour: Robe              |    24 |    14 ||    38
  Dodge: Dodged            |    73 |    39 ||   112

Table legend: (Time is in decaauts)
 A = Elapsed time spent in this place.
 B = Non-inter-level travel time spent in this place.
 C = Inter-level travel time spent in this place.
 D = Time resting spent in this place.
 E = Time spent auto-exploring this place.
 F = Levels seen in this place.
 G = Mean time per level.
                   A        B        C        D        E       F      G
               +--------+--------+--------+--------+--------+-----+--------+
         Total |   2266 |   2186 |     80 |    263 |   1352 |   3 |  755.3 |
       Dungeon |   2266 |   2186 |     80 |    263 |   1352 |   3 |  755.3 |
               +--------+--------+--------+--------+--------+-----+--------+

Top non-repeatable levels by time:
     D:2: 1090 daAuts
     D:1: 866 daAuts
     D:3: 308 daAuts
